 Dungeon Crawl Stone Soup version 0.30-a0-341-g682706514a (webtiles) character file.

Game seed: 2673825442851014184

420382 McGhostyFace the Slayer (level 23, -9/221 (227) HPs)
             Began as a Gnoll Wanderer on Nov 1, 2022.
             Was a High Priest of Ashenzari.
             Mangled by an ettin
             ... wielding a +0 dire flail
              (30 damage)
             ... on level 5 of the Vaults on Nov 3, 2022.
             The game lasted 04:34:06 (51546 turns).

McGhostyFace the Slayer (Gnoll Wanderer)           Turns: 51546, Time: 04:34:07

HP:   -9/221 (227)  AC: 18    Str: 20    XL:     23   Next: 69%
MP:   8/46          EV: 35    Int: 22    God:    Ashenzari [*****.]
Gold: 5803          SH:  0    Dex: 19    Spells: 13/61 levels left

rFire   + . .      SeeInvis +      - Unarmed
rCold   . . .      Faith    .    (shield currently unavailable)
rNeg    . . .      Spirit   .    (body armour currently unavailable)
rPois   ∞          Reflect  .    (helmet currently unavailable)
rElec   +          Harm     .    (cloak currently unavailable)
rCorr   .          Rampage  .    (gloves currently unavailable)
Will    +....      Clarity  +    (boots currently unavailable)
Stlth   +++++++...               W - amulet of the Cursed Portent {Regen+, Bglg, Self} (curse)
HPRegen 1.36/turn                a - ring of the Shattered Levity {rElec rF+ Str+6 Dex+6, Fort, Alch} (curse)
MPRegen 0.30/turn                y - ring of Kilosto {EV+4 Str+3}

@: storm-form, flying, very slightly contaminated, studying 2 skills, lightly
drained, invisible
A: cleaving, insubstantial, flying, (fangs 1), strong nose, distributed
training, (cold resistance 2), robust 1, wild magic 1
}: 2/15 runes: serpentine, barnacled
a: Blinkbolt, End Transformation, Renounce Religion, Curse Item, Shatter the
Chains


You were on level 5 of the Vaults.
You worshipped Ashenzari.
Ashenzari was extremely pleased with you.
You were a lightning-filled tempest!
You visited 8 branches of the dungeon, and saw 39 of its levels.
You visited the Abyss 1 time.
You visited 1 bazaar.
You also visited: Bailey, Gauntlet, Volcano and Desolation.

You collected 7317 gold pieces.
You spent 1514 gold pieces at shops.

Inventory:

Hand Weapons
 c - the cursed +9 demon trident "Shattered With Me" (melded) {drain, Melee, Bglg}
   (You found it on level 11 of the Dungeon)

   A truly terrible weapon, it drains the life of any living foe it strikes.
   It has a curse which improves the following skills: Melee Combat: Short
   Blades, Long Blades, Axes, Maces & Flails, Polearms, Staves and Unarmed
   Combat.
   Beguiling: Conjurations, Hexes and Translocations.
 X - the +9 heavy crossbow "Sniper" {vorpal, Acc+∞ SInv}
   (You found it on level 4 of the Shoals)

   Any ammunition fired from it inflicts extra damage upon your enemies.
   Any ammunition fired from it never misses its target.
   SInv:      It lets you see invisible.
Missiles
 R - 3 throwing nets
Armour
 l - a +2 pair of gloves of strength
 m - a +5 kite shield of fire resistance (melded)
 u - the cursed +3 cloak "Servitude of Ashenzari" (melded) {rF+ rC+, Elem, Melee}
   (You acquired it on level 7 of the Dungeon)

   rF:        It protects you from fire.
   rC:        It protects you from cold.
   It has a curse which improves the following skills: Elements: Fire Magic, Ice
   Magic, Air Magic and Earth Magic.
   Melee Combat: Short Blades, Long Blades, Axes, Maces & Flails, Polearms,
   Staves and Unarmed Combat.
 w - the cursed +0 pair of boots of Ashenzari's Moon (melded) {Self, Bglg}
   (You found it on level 4 of the Dungeon)

   It has a curse which improves the following skills: Introspection: Fighting
   and Spellcasting.
   Beguiling: Conjurations, Hexes and Translocations.
 A - the cursed +0 pair of gloves "Regret of Ashenzari" (melded) {Bglg, Comp}
   (You found it on level 5 of the Dungeon)

   It has a curse which improves the following skills: Beguiling: Conjurations,
   Hexes and Translocations.
   Companions: Summonings and Necromancy.
 M - the cursed +1 steam dragon scales "Bound Activism" (melded) {+Inv rN+++ Int-2 Dex+3, Melee, Self}
   (You found it in a Gauntlet)

   Int:       It affects your intelligence (-2).
   Dex:       It affects your dexterity (+3).
   rN:        It renders you almost immune to negative energy.
   +Inv:      It lets you turn invisible.
   It has a curse which improves the following skills: Melee Combat: Short
   Blades, Long Blades, Axes, Maces & Flails, Polearms, Staves and Unarmed
   Combat.
   Introspection: Fighting and Spellcasting.
 S - the cursed +2 hat "Suspicion of Ashenzari" (melded) {Stlth+, Bglg, Self}
   (You took it off Gastronok on level 3 of the Lair of Beasts)

   It has a curse which improves the following skills: Beguiling: Conjurations,
   Hexes and Translocations.
   Introspection: Fighting and Spellcasting.
Jewellery
 a - the cursed ring of the Shattered Levity (left fist) {rElec rF+ Str+6 Dex+6, Fort, Alch}
   (You found it in a Gauntlet)

   [ring of dexterity]

   Str:       It affects your strength (+6).
   Dex:       It affects your dexterity (+6).
   rF:        It protects you from fire.
   rElec:     It insulates you from electricity.
   It has a curse which improves the following skills: Fortitude: Armour and
   Shields.
   Alchemy:   Poison Magic and Transmutations.
 h - the ring "Ovyefem" {Drain rCorr MP+9 Str+2}
   (You found it in the Desolation of Salt)

   [ring of magical power]

   Str:       It affects your strength (+2).
   MP:        It affects your magic capacity (+9).
   rCorr:     It protects you from acid and corrosion.
   Drain:     It drains your maximum health when unequipped.
 n - a ring of poison resistance
 p - the ring of the Tempest {*Slow Fly rElec MP+9}
   (You found it on level 3 of the Elven Halls)

   [ring of flight]

   rElec:     It insulates you from electricity.
   MP:        It affects your magic capacity (+9).
   Fly:       It grants you flight.
   *Slow:     It may slow you when you take damage.
 r - a ring of protection from fire
 t - an amulet of magic regeneration
 x - a ring of ice
 y - the ring of Kilosto (right fist) {EV+4 Str+3}
   (You acquired it on level 15 of the Dungeon)

   [ring of evasion]

   EV:        It affects your evasion (+4).
   Str:       It affects your strength (+3).
 W - the cursed amulet of the Cursed Portent (around neck) {Regen+, Bglg, Self}
   (You found it on level 5 of the Lair of Beasts)

   [amulet of regeneration]

   Regen:     It increases your rate of health regeneration.
   It has a curse which improves the following skills: Beguiling: Conjurations,
   Hexes and Translocations.
   Introspection: Fighting and Spellcasting.
 Y - an amulet of reflection
Wands
 L - a wand of mindburst (23)
 O - a wand of charming (31)
 P - a wand of digging (27)
 Q - a wand of quicksilver (8)
 U - a wand of roots (25)
Scrolls
 f - 8 scrolls of fear
 g - 17 scrolls of teleportation
 k - 11 scrolls of amnesia
 E - 4 scrolls of magic mapping
 G - 4 scrolls of blinking
 J - 3 scrolls of brand weapon
 T - a scroll of summoning
 Z - 2 scrolls of enchant weapon
Potions
 b - 6 potions of brilliance
 e - 27 potions of curing
 i - 14 potions of might
 j - 3 potions of ambrosia
 q - 5 potions of resistance
 v - 3 potions of invisibility
 z - 8 potions of heal wounds
 B - 3 potions of mutation
 C - 5 potions of cancellation
 D - 3 potions of berserk rage
 H - 8 potions of haste
 K - 4 potions of magic
Miscellaneous
 d - a condenser vane
 o - a lightning rod (4/4)
 s - a box of beasts
 F - a phantom mirror
 N - a phial of floods
 V - a tin of tremorstones (2/2)


   Skills:
 + Level 21.3(23.3) Fighting
 + Level 16.2 Short Blades
 + Level 16.2 Long Blades
 + Level 16.2 Axes
 + Level 16.2 Maces & Flails
 + Level 16.2 Polearms
 + Level 16.2 Staves
 + Level 16.2 Ranged Weapons
 + Level 16.2 Throwing
 + Level 16.2(18.4) Armour
 + Level 16.2 Dodging
 + Level 16.2 Stealth
 + Level 18.4(20.5) Shields
 + Level 18.1 Unarmed Combat
 + Level 17.6(19.7) Spellcasting
 + Level 13.8(16.0) Conjurations
 + Level 13.8(16.0) Hexes
 + Level 13.8 Summonings
 + Level 13.8 Necromancy
 + Level 13.8(16.0) Translocations
 + Level 13.8(16.0) Transmutations
 + Level 13.8 Fire Magic
 + Level 13.8 Ice Magic
 + Level 13.8 Air Magic
 + Level 13.8 Earth Magic
 + Level 13.8(16.0) Poison Magic
 + Level 17.6 Invocations
 + Level 16.2 Evocations


You had 13 spell levels left.
You knew the following spells:

 Your Spells              Type           Power      Damage    Failure   Level
a - Storm Form            Tmut/Air       42%        N/A       7%          7
e - Summon Guardian Gole  Hex/Summ       85%        N/A       1%          3
f - Summon Lightning Spi  Summ/Air       82%        N/A       1%          4
g - Iron Shot             Conj/Erth      42%        9d8       1%          6
h - Freezing Cloud        Conj/Ice/Air   42%        6-21      1%          5
i - Blink                 Tloc           100%       N/A       1%          2
j - Malign Gateway        Summ/Tloc      42%        N/A       7%          7
k - Haunt                 Necr/Summ      41%        N/A       10%         7
l - Monstrous Menagerie   Summ           41%        N/A       10%         7

Your spell library contained the following spells:

 Spells                   Type           Power      Damage    Failure   Level
 Beastly Appendage        Tmut           100%       N/A       1%          1
 Foxfire                  Conj/Fire      100%       2x1d9     1%          1
 Freeze                   Ice            100%       1d10      1%          1
 Magic Dart               Conj           100%       1d8       1%          1
 Sandblast                Erth           100%       2d20      1%          1
 Slow                     Hex            100%       N/A       1%          1
 Sting                    Tmut/Pois      100%       1d8       1%          1
 Summon Small Mammal      Summ           100%       N/A       1%          1
 Call Imp                 Summ           82%        N/A       1%          2
 Cigotuvi's Dreadful Rot  Necr/Pois/Air  100%       N/A       1%          2
 Momentum Strike          Conj/Tloc      100%       3d10      1%          2
 Passwall                 Tmut/Erth      70%        N/A       1%          2
 Scorch                   Fire           100%       2d10      1%          2
 Sublimation of Blood     Necr           82%        N/A       1%          2
 Wereblood                Tmut           88%        N/A       1%          2
 Call Canine Familiar     Summ           82%        N/A       1%          3
 Confusing Touch          Hex            88%        N/A       1%          3
 Dazzling Flash           Conj/Hex       100%       N/A       1%          3
 Frozen Ramparts          Ice            100%       1d16      1%          3
 Gell's Gravitas          Tloc           88%        N/A       1%          3
 Hailstorm                Conj/Ice       85%        3d17      1%          3
 Ignite Poison            Fire/Tmut/Pois 86%        N/A       1%          3
 Inner Flame              Hex/Fire       85%        N/A       1%          3
 Kindle Blastsparks       Fire/Tloc/Air  100%       2d18      1%          3
 Lesser Beckoning         Tloc           100%       N/A       1%          3
 Mephitic Cloud           Conj/Pois/Air  86%        N/A       1%          3
 Portal Projectile        Hex/Tloc       100%       N/A       1%          3
 Spider Form              Tmut/Pois      88%        N/A       1%          3
 Stone Arrow              Conj/Erth      100%       3d13      1%          3
 Swiftness                Air            82%        N/A       1%          3
 Teleport Other           Tloc           88%        N/A       1%          3
 Tukima's Dance           Hex            88%        N/A       1%          3
 Vampiric Draining        Necr           82%        2d11      1%          3
 Vhi's Electric Charge    Tloc/Air       100%       N/A       1%          3
 Anguish                  Hex/Necr       42%        N/A       1%          4
 Animate Armour           Summ/Erth      100%       N/A       1%          4
 Animate Dead             Necr           82%        N/A       1%          4
 Cause Fear               Hex            44%        N/A       1%          4
 Flame Wave               Conj/Fire      85%        2d18      1%          4
 Ice Form                 Ice/Tmut       85%        N/A       1%          4
 Leda's Liquefaction      Hex/Erth       42%        N/A       1%          4
 Passage of Golubria      Tloc           88%        N/A       1%          4
 Sticky Flame             Conj/Fire      85%        2d10      1%          4
 Summon Ice Beast         Ice/Summ       82%        N/A       1%          4
 Agony                    Necr           82%        N/A       1%          5
 Alistair's Intoxication  Tmut/Pois      58%        N/A       1%          5
 Blade Hands              Tmut           44%        N/A       1%          5
 Borgnjor's Vile Clutch   Necr/Erth      41%        N/A       1%          5
 Fireball                 Conj/Fire      42%        3d17      1%          5
 Lee's Rapid Deconstruct  Erth           41%        3d20*     1%          5
 Silence                  Hex/Air        42%        N/A       1%          5
 Summon Forest            Summ/Tloc      42%        N/A       1%          5
 Yara's Violent Unravell  Hex/Tmut       44%        3d17      1%          5
 Dispersal                Tloc           44%        N/A       1%          6
 Eringya's Noxious Bog    Tmut/Pois      44%        N/A       1%          6
 Starburst                Conj/Fire      42%        6d12      1%          6
 Statue Form              Tmut/Erth      56%        N/A       1%          6
 Death Channel            Necr           41%        N/A       2%          6
 Simulacrum               Ice/Necr       41%        N/A       2%          6
 Summon Cactus Giant      Summ           41%        N/A       2%          6
 Dragon Form              Tmut           44%        N/A       4%          7
 Enfeeble                 Hex            44%        N/A       4%          7
 Orb of Destruction       Conj           44%        9d12      4%          7
 Spellforged Servitor     Conj/Summ      42%        N/A       7%          7
 Summon Hydra             Summ           41%        N/A       10%         7
 Ignition                 Fire           41%        3d12      54%         8
 Maxwell's Capacitive Co  Air            41%        ∞         54%         8
 Dragon's Call            Summ           41%        N/A       100%        9


Dungeon Overview and Level Annotations

Branches:
Dungeon (15/15)            Temple (1/1) D:4            Lair (5/5) D:9
 Shoals (4/4) Lair:2        Snake (4/4) Lair:2        Slime (0/5) Lair:5
    Orc (2/2) D:11            Elf (3/3) Orc:2        Vaults (5/5) D:14
  Crypt (0/3) Vaults:2     Depths (0/4) D:15         Bailey (visited)
Volcano (visited)         Desolation (visited)      Gauntlet (visited)

Altars:
Ashenzari
Cheibriados
Fedhas
Makhleb
Nemelex Xobeh
Qazlal
Ru
Sif Muna
Trog
Xom
Yredelemnul
Jiyva
Lugonu

Shops:
D:6 ?   D:8 :   D:9 *   Orc:1 =   Orc:2 *!(=   Shoals:1 *   Shoals:2 (
Snake:1 ::=   Snake:3 (?   Vaults:1 (   Vaults:4 [

Portals:
Abyss: Shoals:4
Pandemonium: Orc:2
Trove: D:10 (give 5 scrolls of fear)

Annotations:
D:6 1 runed translucent door, p00ps00p's ghost, novice HOFi
Snake:4 1 exclusion
Elf:1 3 runed translucent doors
Vaults:5 Boris


Innate Abilities, Weirdness & Mutations

You are a lightning-filled tempest!
Your electrical attacks strike out in all directions at once.
You are incredibly evasive.
Your insubstantial body is immune to petrification, constriction, and being set on fire You are flying.
You are immune to poison.
Your armour is entirely melded.
You are incapable of wielding weapons or throwing items.
((You have very sharp teeth.))
Your uncanny sense of smell can sniff out nearby items.
Your experience applies equally to all skills.
((Your flesh is very cold resistant. (rC++)))
You are robust. (+10% HP)
Your spells are a little harder to cast, but a little more powerful.


Message History

* * * LOW HITPOINT WARNING * * *
The vault guard hits you with a +0 great mace!
* * * LOW HITPOINT WARNING * * *
The deep elf high priest mumbles some strange prayers to its god against you.
Something smites you!
* * * LOW HITPOINT WARNING * * *
Okay, then.
You feel much better. The frost giant completely misses you.
Boris completely misses you. Boris touches you but does no damage.
The vault guard hits you but does no damage.
The deep elf demonologist completely misses you.
The vault guard hits you from afar with a +0 glaive!
* * * LOW HITPOINT WARNING * * *
The freezing wraith misses you.
The freezing wraith completely misses you.
The phantasmal warrior completely misses you.
The vault guard completely misses you.
The vault guard is engulfed in freezing vapours.
Casting: Storm Form (dangerous; 7% risk of failure)
Confirm with . or Enter, or press ? or * to list all spells.
Aiming: Haunt (dangerous; 10% risk of failure)
Press: ? - help, Dir - move target, f - vault guard
Aim: a vault guard, wielding a +0 great mace and wearing a +0 chain mail (almost dead)
You miscast Haunt.
You are very lightly contaminated with residual magic.
The world around you seems to dim momentarily!
You feel drained.
* * * LOW HITPOINT WARNING * * *
Your surroundings suddenly seem different.
A shadow dragon, 2 humans, a phantasmal warrior, a deep elf annihilator, 4 ettins, a tengu reaver skeleton, a shadow dragon simulacrum and 2 zombies come into view.
The deep elf annihilator is wielding a +2 morningstar of draining.
The ettin completely misses you. The ettin closely misses you.
The deep elf annihilator casts a spell.
The deep elf annihilator blinks!
You fade into invisibility!
A frost giant skeleton comes into view.
The deep elf death mage zombie hits you but does no damage.
The necromancer completely misses you. The ettin misses you.
The ettin hits you with a +0 dire flail!!
You die...

*,, ,, * ,, , , ** , *
, , , ,.. ....#,, ,
*,,Z. ....# , , , , *
,,. #e..# , **, * ,,,,
# ,#.....#, , , , ,**,
, ..# ,Z#...#,, * * ,
* , ,#C..#,....#,, *,
* ,,,*#D..ZZ#...#, *,
,,* , * **#.....Zvp.#
,,*,, * , ,....W.CpC.#
, *, , * ,,
......#...#....#,.....
* , ,
,..........#....#
^.... , ,*, ....#
#...#....#...... , , ,
,....
,....#....#......, , *
*..#,*
#...#....#W..... ,..
,, ...)..pp....... ,,
** *** * **
###e.ppCLC.#####


You could see a shadow dragon (wandering), a vault warden, a deep elf
annihilator, 3 ettins, a phantasmal warrior, a necromancer (unable to see you),
a shadow dragon simulacrum (unable to see you), a deep elf death mage zombie
(unable to see you), a deep troll earth mage zombie (wandering, unable to see
you), a frost giant skeleton (wandering, unable to see you) and a tengu reaver
skeleton (wandering, unable to see you).

Vanquished Creatures
  Bai Suzhen (Shoals:3)
  Nikola (Shoals:4)
  The ghost of HilariousDeathArtist the Slayer, an adept DrTm of Sif Muna (Vaults:4)
  A bone dragon (Abyss:3)
  Zenata (Elf:3)
  Jorgrun (Snake:1)
  3 deep elf blademasters
  3 deep elf master archers (Elf:3)
  3 tentacled starspawn (Abyss:3)
  Polyphemus (Shoals:4)
  2 sphinxes (Vaults:1)
  Kirke (Snake:1)
  Gastronok (Lair:3)
  A tengu reaver (Vaults:4)
  5 nagarajas
  12 vault wardens
  7 deep elf sorcerers
  An imperial myrmidon (Desolation)
  4 orc warlords
  16 ironbound preservers
  4 deep elf elementalists
  3 very ugly things (Vaults:2)
  2 stone giants (Vaults:4)
  2 ironbound thunderhulks (Vaults:2)
  A war gargoyle (Vaults:3)
  3 halazid warlocks (Desolation)
  4 deep elf demonologists
  5 dire elephants
  Azrael (Snake:1)
  6 deep elf annihilators
  The ghost of brouguemayhem the Impaler, a journeyman MiBe of Trog (D:12)
  A minotaur (Gauntlet)
  5 deep elf death magi
  7 merfolk javelineers
  The ghost of Myatze the Blinker, a journeyman FeSu of Gozag (D:15)
  An ettin (D:15)
  2 fire dragons
  A jiangshi (Vaults:2)
  2 crystal guardians (Vaults:4)
  5 great orbs of eyes
  4 merfolk impalers
  2 deep elf high priests (Elf:3)
  6 ragged hierophants
  2 entropy weavers
  An ice dragon (Elf:2)
  Erolcha (D:13)
  3 hydras
  3 yaktaur captains
  19 vault guards
  7 anacondas
  An ogre mage (D:15)
  7 salamander tyrants (Snake:4)
  5 centaur warriors
  8 peacekeepers
  3 merfolk avatars (Shoals:4)
  2 demonspawn (Orc:2)
  8 servants of whispers (Desolation)
  4 ironbound frosthearts
  2 boulder beetles
  3 merfolk aquamancers
  4 two-headed ogres
  25 dancing weapons
  An alligator snapping turtle (Shoals:2)
  3 catoblepae
  A death knight (D:14)
  4 satyrs
  13 naga warriors
  8 orc high priests
  A thrashing horror (Abyss:3)
  Sonja (D:13)
  A hell knight (D:15)
  2 tengu warriors
  6 death yaks
  9 naga sharpshooters
  11 shock serpents
  2 nameless horrors
  13 deep elf knights
  3 salamander mystics (Snake:4)
  A skeletal warrior (Vaults:2)
  12 sea snakes
  Lodul (D:12)
  5 naga ritualists
  52 deep trolls
  An obsidian statue (Snake:3)
  Pikel (D:4)
  2 wizards
  12 orc knights
  18 lindwurms
  2 phantasmal warriors
  6 deep elf archers
  7 harpies
  16 ironbound convokers
  7 mana vipers
  A necromancer (D:15)
  20 deep elf zephyrmancers
  A shining eye (Shoals:4)
  3 wolf spiders
  5 orc sorcerers
  23 deep elf pyromancers
  4 ugly things
  16 manticores
  23 salamanders
  19 fauns
  18 cyclopes
  A worldbinder (Abyss:3)
  2 large abominations (Abyss:3)
  A moth of wrath (shapeshifter) (Elf:3)
  11 guardian serpents
  5 elephants
  10 merfolk sirens
  27 vault sentinels
  2 rust devils (Orc:2)
  12 naga magi
  An apocalypse crab (Shoals:4)
  26 black mambas
  3 water nymphs
  A gargoyle (D:13)
  11 cane toads
  32 yaktaurs
  6 komodo dragons
  A tengu conjurer (D:15)
  An ice devil (Gauntlet)
  2 rime drakes
  5 trolls
  35 merfolk
  An ancient zyme (Abyss:3)
  2 meliai (D:13)
  8 polar bears
  4 wind drakes
  2 hornets (shapeshifter)
  36 saltlings (Desolation)
  7 blink frogs
  2 hornets (Lair:5)
  7 dream sheep (Shoals:1)
  34 slime creatures
  10 snapping turtles
  2 air elementals
  3 wraiths
  16 wyverns
  A ynoxinul (Orc:2)
  22 yaks
  A fire bat (shapeshifter) (Gauntlet)
  3 fire bats (Volcano)
  4 hogs (Snake:1)
  A hog (shapeshifter) (Elf:1)
  6 humans (D:14)
  11 water elementals
  2 vampires
  5 fire elementals
  4 vampire mosquitoes (D:12)
  2 steam dragons
  5 basilisks
  4 redbacks
  A neqoxec (Shoals:4)
  A spatial vortex (Shoals:4)
  32 nagas
  Edmund (D:4)
  An acid dragon (D:12)
  7 hell hounds
  A floating eye (shapeshifter) (Vaults:1)
  27 water moccasins
  27 orc warriors
  5 black bears
  2 sky beasts (D:7)
  4 ice beasts
  A black bear (shapeshifter) (D:15)
  5 starcursed masses (Abyss:3)
  17 ogres
  3 centaurs
  12 wolves
  3 lemures
  2 phantoms
  4 kobold brigands
  2 gnoll sergeants
  16 bullfrogs
  2 scorpions
  3 earth elementals
  15 wights
  8 killer bees
  6 electric eels
  4 howler monkeys
  2 jellies
  3 hounds
  A gnoll bouda (D:7)
  17 orc priests
  An iguana (D:5)
  17 orc wizards
  5 hell rats (Lair:5)
  10 gnolls
  7 adders
  A shadow imp (D:5)
  3 white imps
  A worm (D:5)
  74 orcs
  7 ball pythons
  5 bats
  4 endoplasms
  5 giant cockroaches
  9 goblins
  7 hobgoblins
  4 jackals (D:1)
  14 kobolds
  3 quokkas
  5 frilled lizards
  6 rats
  A butterfly (Lair:1)
1422 creatures vanquished.

Vanquished Creatures (collateral kills)
  Rupert (Snake:1)
  2 deep elf blademasters (Elf:3)
  A tentacled starspawn (Abyss:3)
  3 deep elf sorcerers (Elf:3)
  2 vault wardens (Vaults:1)
  An ironbound preserver (Vaults:1)
  5 deep elf elementalists (Elf:3)
  2 ironbound thunderhulks
  2 deep elf demonologists (Elf:3)
  5 deep elf annihilators
  2 deep elf death magi (Elf:3)
  A merfolk impaler (Shoals:1)
  Josephine (Shoals:1)
  A jiangshi (Vaults:2)
  3 deep elf high priests (Elf:3)
  A ragged hierophant (Desolation)
  A servant of whispers (Desolation)
  3 vault guards
  A catoblepas (Lair:1)
  2 peacekeepers (Desolation)
  An ironbound frostheart (Vaults:1)
  An anaconda (Snake:2)
  2 two-headed ogres
  A vampire mage (Vaults:2)
  2 death yaks
  6 dancing weapons (Elf:2)
  3 thrashing horrors (Shoals:4)
  An orc high priest (Vaults:4)
  6 deep elf knights
  A skeletal warrior (D:14)
  A large abomination (Shoals:4)
  A deep troll (Vaults:1)
  2 deep elf archers (Elf:3)
  3 ironbound convokers
  6 deep elf zephyrmancers
  A faun (Shoals:1)
  3 ugly things (D:15)
  6 deep elf pyromancers
  2 salamanders
  A manticore (D:15)
  2 nameless horrors
  2 elephants (Lair:3)
  2 black mambas
  A black mamba (shapeshifter) (Elf:3)
  2 vault sentinels (Vaults:1)
  A merfolk siren (Shoals:1)
  4 naga magi
  2 water nymphs
  3 cane toads
  A rime drake (Lair:5)
  A freezing wraith (D:14)
  3 komodo dragons
  3 yaktaurs
  2 hornets
  A merfolk (Shoals:4)
  A meliai (D:13)
  A wind drake (Shoals:4)
  16 saltlings
  A polar bear (Lair:1)
  6 slime creatures
  2 wraiths (Shoals:1)
  5 yaks
  2 nagas (Snake:4)
  3 water moccasins (Lair:5)
  2 black bears (Lair:1)
  2 orc warriors
  2 wolves
  2 kobold brigands
  3 bullfrogs
  A wight (D:8)
  A killer bee (D:10)
  2 starcursed masses (Abyss:3)
  5 orc priests
  An orc wizard (D:10)
  12 orcs
  A kobold (D:10)
  A butterfly (Lair:1)
  A starspawn tentacle (Abyss:3)
193 creatures vanquished.

Vanquished Creatures (others)
  15 eldritch tentacles
  A ragged hierophant (Desolation)
  A vault guard (D:14)
  A servant of whispers (Desolation)
  Erica (D:10)
  A dancing weapon (Elf:2)
  Urug (D:11)
  An orc high priest (Vaults:4)
  A naga sharpshooter (Snake:4)
  2 deep elf knights
  2 orc knights
  A nameless horror (Elf:3)
  A deep elf zephyrmancer (Elf:1)
  3 deep elf pyromancers (Elf:2)
  3 ugly things (D:15)
  2 black mambas
  An elephant (Lair:3)
  A vault sentinel (Vaults:1)
  A naga mage (Snake:4)
  3 guardian serpents
  A molten gargoyle (Desolation)
  A troll (D:10)
  10 saltlings (Desolation)
  A blink frog (Lair:1)
  A shadow (D:10)
  A basilisk (Lair:1)
  A human (D:14)
  5 yaks
  A steam dragon (Volcano)
  2 nagas (Snake:4)
  An orc warrior (D:11)
  A wolf (Lair:5)
  A kobold brigand (D:11)
  A killer bee (D:11)
  An orc wizard (D:10)
  A white imp (D:7)
  2 kobolds (D:10)
  31 fungi
  138 plants
  7 starspawn tentacles (Abyss:3)
251 creatures vanquished.

Grand Total: 1866 creatures vanquished

Notes
Turn   | Place    | Note
-------+----------+-------------------------------------------
     0 | D:1      | McGhostyFace the Gnoll Wanderer began the quest for the
                  | Orb.
     0 | D:1      | McGhostyFace set off with the following items: a +0 dagger,
                  | a potion of brilliance, a +0 buckler, a potion of heal
                  | wounds, a +0 robe, a scroll of fear; and the following
                  | spell memorised: Slow; and the following spells available
                  | to memorise: Confusing Touch.
     0 | D:1      | Reached XP level 1. HP: 17/17 MP: 8/8
   387 | D:1      | Reached XP level 2. HP: 16/23 MP: 10/10
  1327 | D:2      | Reached XP level 3. HP: 28/28 MP: 11/11
  1648 | D:2      | Reached skill level 1 in Invocations
  1856 | D:3      | Found a faded altar of an unknown god.
  2084 | D:3      | Reached skill level 1 in Short Blades
  2084 | D:3      | Reached skill level 1 in Long Blades
  2084 | D:3      | Reached skill level 1 in Axes
  2084 | D:3      | Reached skill level 1 in Maces & Flails
  2084 | D:3      | Reached skill level 1 in Polearms
  2084 | D:3      | Reached skill level 1 in Staves
  2084 | D:3      | Reached skill level 1 in Ranged Weapons
  2084 | D:3      | Reached skill level 1 in Throwing
  2084 | D:3      | Reached skill level 1 in Armour
  2084 | D:3      | Reached skill level 1 in Dodging
  2084 | D:3      | Reached skill level 1 in Stealth
  2084 | D:3      | Reached skill level 1 in Evocations
  2281 | D:3      | Reached XP level 4. HP: 34/34 MP: 13/13
  2634 | D:4      | Noticed Pikel
  2634 | D:4      | Noticed a lemure
  2634 | D:4      | Noticed a lemure
  2634 | D:4      | Noticed a lemure
  2634 | D:4      | Noticed a lemure
  2656 | D:3      | Killed a lemure
  2667 | D:3      | Killed a lemure
  2805 | D:4      | Noticed a scorpion
  2809 | D:4      | Killed a scorpion
  2810 | D:4      | Reached skill level 1 in Conjurations
  2810 | D:4      | Reached skill level 1 in Hexes
  2810 | D:4      | Reached skill level 1 in Summonings
  2810 | D:4      | Reached skill level 1 in Necromancy
  2810 | D:4      | Reached skill level 1 in Translocations
  2810 | D:4      | Reached skill level 1 in Transmutations
  2810 | D:4      | Reached skill level 1 in Fire Magic
  2810 | D:4      | Reached skill level 1 in Ice Magic
  2810 | D:4      | Reached skill level 1 in Air Magic
  2810 | D:4      | Reached skill level 1 in Earth Magic
  2810 | D:4      | Reached skill level 1 in Poison Magic
  2810 | D:4      | Reached XP level 5. HP: 38/40 MP: 14/14
  2860 | D:4      | Noticed Edmund
  2864 | D:5      | Entered Level 5 of the Dungeon
  2928 | D:5      | Reached skill level 3 in Fighting
  3025 | D:5      | Noticed a black bear
  3039 | D:5      | Killed a black bear
  3040 | D:5      | Reached XP level 6. HP: 37/47 MP: 16/16
  3108 | D:5      | Reached skill level 5 in Shields
  3193 | D:5      | Noticed an ice beast
  3204 | D:5      | Killed an ice beast
  3310 | D:4      | Found a staircase to the Ecumenical Temple.
  3525 | D:4      | Found a snail-covered altar of Cheibriados.
  3691 | D:4      | Reached XP level 7. HP: 40/52 MP: 18/18
  4022 | D:4      | Found a bloodstained altar of Trog.
  4099 | D:4      | Killed Edmund
  4261 | D:4      | Killed Pikel
  4262 | D:4      | Reached skill level 4 in Fighting
  4262 | D:4      | Reached XP level 8. HP: 11/60 MP: 19/19
  4834 | Temple   | Entered the Ecumenical Temple
  4875 | Temple   | Became a worshipper of Ashenzari the Shackled
  5452 | D:6      | Found Gecooge Kaem's Magic Scroll Shoppe.
  5535 | D:6      | Learned a level 3 spell: Call Canine Familiar
  5966 | D:5      | Learned a level 3 spell: Teleport Other
  6221 | D:5      | Reached XP level 9. HP: 20/66 MP: 13/21
  6680 | D:6      | Found a runed translucent door.
  6682 | D:6      | Noticed p00ps00p's ghost (novice HOFi)
  6682 | D:6      | Noticed a komodo dragon
  7136 | D:7      | Reached skill level 5 in Fighting
  7810 | D:7      | Reached skill level 5 in Invocations
  7812 | D:7      | Reached * piety under Ashenzari
  7812 | D:7      | Identified a scroll of acquirement
  7813 | D:7      | Acquired the +3 cloak "Ontojesu" {rF+ rC+}
  7852 | D:7      | Identified the +0 ring mail "Texoc" {Slay+4}
  8793 | D:7      | Noticed a hornet
  8796 | D:7      | Paralysed by a hornet for 3 turns
  8809 | D:7      | Paralysed by a hornet for 2 turns
  8809 | D:7      | Killed a hornet
  9176 | D:8      | Reached skill level 5 in Short Blades
  9176 | D:8      | Reached skill level 5 in Long Blades
  9176 | D:8      | Reached skill level 5 in Axes
  9176 | D:8      | Reached skill level 5 in Maces & Flails
  9176 | D:8      | Reached skill level 5 in Polearms
  9176 | D:8      | Reached skill level 5 in Staves
  9176 | D:8      | Reached skill level 5 in Ranged Weapons
  9176 | D:8      | Reached skill level 5 in Throwing
  9176 | D:8      | Reached skill level 5 in Armour
  9176 | D:8      | Reached skill level 5 in Dodging
  9176 | D:8      | Reached skill level 5 in Stealth
  9176 | D:8      | Reached skill level 5 in Evocations
  9176 | D:8      | Reached XP level 10. HP: 77/77 MP: 23/23
  9187 | D:8      | Reached skill level 10 in Unarmed Combat
  9197 | D:8      | Reached ** piety under Ashenzari
  9503 | D:8      | Reached skill level 6 in Fighting
  9742 | D:8      | Found Imenyeq's Book Emporium.
  9823 | D:8      | Noticed a cyclops
  9831 | D:8      | Killed a cyclops
  9841 | D:8      | Gained mutation: You have a pair of small antennae on your
                  | head. [potion of mutation]
  9841 | D:8      | Gained mutation: You are occasionally teleported next to
                  | monsters. [potion of mutation]
  9841 | D:8      | Gained mutation: You are partially covered in large bone
                  | plates. (SH +4) [potion of mutation]
  9842 | D:8      | Lost mutation: You are occasionally teleported next to
                  | monsters. [potion of mutation]
  9842 | D:8      | Lost mutation: You have a pair of small antennae on your
                  | head. [potion of mutation]
  9842 | D:8      | Gained mutation: Your flesh is cold resistant. (rC+)
                  | [potion of mutation]
  9842 | D:8      | Gained mutation: You are vulnerable to heat. (rF-) [potion
                  | of mutation]
  9842 | D:8      | Gained mutation: You sometimes lose your temper in combat.
                  | [potion of mutation]
  9842 | D:8      | Lost mutation: You sometimes lose your temper in combat.
                  | [potion of mutation]
  9961 | D:8      | Found a sparkling altar of Nemelex Xobeh.
 10068 | D:9      | Found a flagged portal.
 10080 | Bailey   | Entered a bailey
 10085 | Bailey   | Learned a level 3 spell: Gell's Gravitas
 10089 | Bailey   | Learned a level 3 spell: Summon Guardian Golem
 10471 | Bailey   | Lost mutation: You are partially covered in large bone
                  | plates. (SH +4) [potion of mutation]
 10471 | Bailey   | Lost mutation: Your flesh is cold resistant. (rC+) [potion
                  | of mutation]
 10471 | Bailey   | Gained mutation: You are partially covered in iridescent
                  | scales. (AC +2) [potion of mutation]
 10471 | Bailey   | Gained mutation: Your muscles are strong. (Str +4, Int/Dex
                  | -1) [potion of mutation]
 10474 | Bailey   | Reached skill level 7 in Fighting
 10474 | Bailey   | Reached skill level 5 in Conjurations
 10474 | Bailey   | Reached skill level 5 in Hexes
 10474 | Bailey   | Reached skill level 5 in Summonings
 10474 | Bailey   | Reached skill level 5 in Necromancy
 10474 | Bailey   | Reached skill level 5 in Translocations
 10474 | Bailey   | Reached skill level 5 in Transmutations
 10474 | Bailey   | Reached skill level 5 in Fire Magic
 10474 | Bailey   | Reached skill level 5 in Ice Magic
 10474 | Bailey   | Reached skill level 5 in Air Magic
 10474 | Bailey   | Reached skill level 5 in Earth Magic
 10474 | Bailey   | Reached skill level 5 in Poison Magic
 10474 | Bailey   | Reached XP level 11. HP: 86/86 MP: 24/26
 10999 | D:9      | Found Inumoneu's Assorted Antiques.
 11067 | D:9      | Reached skill level 10 in Spellcasting
 11266 | D:9      | Found a staircase to the Lair.
 11677 | D:10     | Entered Level 10 of the Dungeon
 12243 | D:10     | Found a portal to a secret trove of treasure.
 12304 | D:10     | Noticed Erica
 12320 | D:10     | Killed Erica
 12321 | D:10     | Reached XP level 12. HP: 87/95 MP: 22/27
 12382 | D:10     | Found a shimmering blue altar of Sif Muna.
 12385 | D:10     | Noticed a two-headed ogre
 12393 | D:10     | Killed a two-headed ogre
 12522 | D:10     | Identified Sif Muna's Omnibus of Peregrination
 12721 | D:11     | Noticed a two-headed ogre
 12733 | D:11     | Killed a two-headed ogre
 12779 | D:11     | Found a gate leading to a gauntlet.
 12783 | Gauntlet | Entered a Gauntlet
 12783 | Gauntlet | Found a runed translucent door.
 12783 | Gauntlet | Found a transporter.
 12783 | Gauntlet | Found a runed translucent door.
 12783 | Gauntlet | Found a transporter.
 12793 | Gauntlet | Found a transporter.
 12797 | Gauntlet | Found a transporter.
 12806 | Gauntlet | Found a runed translucent gate.
 12806 | Gauntlet | Found a runed translucent gate.
 12810 | Gauntlet | Found a runed translucent gate.
 12811 | Gauntlet | Found a transporter.
 12815 | Gauntlet | Found a transporter.
 12827 | Gauntlet | Noticed a dire elephant
 12829 | Gauntlet | Found a transporter.
 12829 | Gauntlet | Identified the ring "Zaengill" {rElec rF+ Str+6 Dex+6}
 12846 | Gauntlet | Found a transporter.
 12849 | Gauntlet | Noticed a balrug
 12861 | Gauntlet | Found a transporter.
 12865 | Gauntlet | Found a transporter.
 12873 | Gauntlet | Found a transporter.
 12877 | Gauntlet | Found a transporter.
 13006 | Gauntlet | Reached skill level 8 in Fighting
 13014 | Gauntlet | Reached *** piety under Ashenzari
 13136 | Gauntlet | Killed a dire elephant
 13408 | Gauntlet | Identified the Textbook on Beguiling
 13408 | Gauntlet | Identified the +1 steam dragon scales of Levity {+Inv rN+++
                  | Int-2 Dex+3}
 13408 | Gauntlet | Identified the Meditations on Assistive Gusts
 13408 | Gauntlet | Noticed a minotaur
 13421 | Gauntlet | Killed a minotaur
 13721 | D:11     | Learned a level 4 spell: Summon Lightning Spire
 13996 | D:11     | Noticed Urug
 14013 | D:11     | Killed Urug
 14214 | D:6      | Bought 2 scrolls of enchant weapon for 195 gold pieces
 14214 | D:6      | Bought a scroll of enchant weapon for 97 gold pieces
 14676 | D:11     | Found a staircase to the Orcish Mines.
 15023 | Lair:1   | Entered Level 1 of the Lair of Beasts
 15023 | Lair:1   | Noticed a catoblepas
 15032 | Lair:1   | Killed a catoblepas
 15053 | Lair:1   | Reached skill level 9 in Fighting
 15070 | Lair:1   | Reached XP level 13. HP: 76/104 MP: 4/29
 15188 | Lair:1   | Found a dark tunnel.
 15207 | Volcano  | Entered a volcano
 15466 | Volcano  | Noticed a fire dragon
 15489 | Volcano  | Killed a fire dragon
 15614 | Lair:1   | Lost mutation: You are partially covered in iridescent
                  | scales. (AC +2) [potion of mutation]
 15614 | Lair:1   | Lost mutation: Your muscles are strong. (Str +4, Int/Dex
                  | -1) [potion of mutation]
 15614 | Lair:1   | Gained mutation: You passively map a small area around you.
                  | [potion of mutation]
 15615 | Lair:1   | Lost mutation: You passively map a small area around you.
                  | [potion of mutation]
 15615 | Lair:1   | Lost mutation: You are vulnerable to heat. (rF-) [potion of
                  | mutation]
 15615 | Lair:1   | Gained mutation: You are resistant to electric shocks.
                  | (rElec) [potion of mutation]
 15615 | Lair:1   | Gained mutation: Your body sometimes deteriorates upon
                  | taking damage. [potion of mutation]
 15615 | Lair:1   | Gained mutation: Your spells are a little harder to cast,
                  | but a little more powerful. [potion of mutation]
 16445 | Lair:2   | Found a staircase to the Snake Pit.
 16504 | Lair:2   | Found a staircase to the Shoals.
 16527 | Lair:2   | Reached skill level 10 in Fighting
 16686 | Lair:2   | Identified Toryixunn's Codex of the Ensnaring Zephyr
 16806 | Lair:2   | Reached skill level 10 in Shields
 17721 | Lair:3   | Noticed Gastronok
 17734 | Lair:3   | Killed Gastronok
 17735 | Lair:3   | Reached skill level 10 in Invocations
 17933 | Lair:3   | Reached XP level 14. HP: 118/118 MP: 30/32
 18087 | Lair:3   | Reached skill level 11 in Fighting
 18087 | Lair:3   | Reached XP level 15. HP: 125/125 MP: 33/33
 18434 | Lair:4   | Learned a level 6 spell: Iron Shot
 18449 | Lair:4   | Identified the +9 arbalest "Aqip" {antimagic, rF- Str+3
                  | Dex+4 Stlth+}
 19206 | Lair:5   | Entered Level 5 of the Lair of Beasts
 20197 | Lair:5   | Reached skill level 12 in Fighting
 20197 | Lair:5   | Reached skill level 10 in Short Blades
 20197 | Lair:5   | Reached skill level 10 in Long Blades
 20197 | Lair:5   | Reached skill level 10 in Axes
 20197 | Lair:5   | Reached skill level 10 in Maces & Flails
 20197 | Lair:5   | Reached skill level 10 in Polearms
 20197 | Lair:5   | Reached skill level 10 in Staves
 20197 | Lair:5   | Reached skill level 10 in Ranged Weapons
 20197 | Lair:5   | Reached skill level 10 in Throwing
 20197 | Lair:5   | Reached skill level 10 in Armour
 20197 | Lair:5   | Reached skill level 10 in Dodging
 20197 | Lair:5   | Reached skill level 10 in Stealth
 20197 | Lair:5   | Reached skill level 10 in Evocations
 20413 | Lair:5   | Found a viscous altar of Jiyva.
 20413 | Lair:5   | Found a staircase to the Slime Pits.
 20565 | Lair:5   | Identified the +6 scale mail "Varugh" {*Corrode Fly rF++}
 21113 | Lair:5   | Reached **** piety under Ashenzari
 21648 | Lair:5   | Learned a level 5 spell: Freezing Cloud
 21976 | Orc:1    | Entered Level 1 of the Orcish Mines
 22032 | Orc:1    | Found Xeoqigg's Jewellery Boutique.
 22554 | Orc:2    | Entered Level 2 of the Orcish Mines
 22811 | Orc:2    | Found a staircase to the Elven Halls.
 22855 | Orc:2    | Found Wufeavoc's Distillery.
 22856 | Orc:2    | Found Quinweux's General Store.
 23041 | Orc:2    | Bought a potion of heal wounds for 75 gold pieces
 23713 | Orc:2    | Reached XP level 16. HP: 134/137 MP: 31/35
 23813 | Orc:2    | Found Qeiwk's Jewellery Boutique.
 23813 | Orc:2    | Found Esta's Antique Weapon Shop.
 23814 | Orc:2    | Found a one-way gate leading to the halls of Pandemonium.
 24206 | D:12     | Reached skill level 13 in Fighting
 24503 | D:12     | Found a runed translucent door.
 24504 | D:12     | Found a shimmering altar of Xom.
 24504 | D:12     | Noticed brouguemayhem's ghost (journeyman MiBe)
 24514 | D:12     | Identified the +8 dire flail of the Equinox {chaos, Str+3}
 24574 | D:12     | Killed brouguemayhem's ghost
 24758 | D:12     | Noticed Lodul
 24766 | D:12     | Killed Lodul
 25071 | D:13     | Noticed Sonja
 25083 | D:13     | Killed Sonja
 25535 | D:13     | Identified the +0 scale mail of the Old World {Harm rF-
                  | rC+++ Slay-4}
 25609 | D:13     | Noticed Erolcha
 25617 | D:13     | Killed Erolcha
 25698 | D:13     | Found a sacrificial altar of Ru.
 26602 | D:14     | Found a gate to the Vaults.
 26611 | D:14     | Identified the +0 plate armour of Lyxuf {rF+ Dex+6}
 26826 | D:15     | Entered Level 15 of the Dungeon
 26992 | D:15     | Found a staircase to the Depths.
 27017 | D:15     | Reached skill level 14 in Fighting
 27625 | D:15     | Found a runed translucent door.
 27629 | D:15     | Noticed Myatze's ghost (journeyman FeSu)
 27867 | D:15     | Killed Myatze's ghost
 27886 | D:15     | Acquired the ring of Kilosto {EV+4 Str+3}
 28301 | Orc:2    | Bought a ring of poison resistance for 340 gold pieces
 28530 | Snake:1  | Entered Level 1 of the Snake Pit
 28544 | Snake:1  | Reached XP level 17. HP: 142/149 MP: 29/38
 28669 | Snake:1  | Noticed Rupert
 28676 | Snake:1  | Killed Rupert
 28703 | Snake:1  | Noticed Jorgrun
 28712 | Snake:1  | Killed Jorgrun
 28843 | Snake:1  | Learned a level 2 spell: Blink
 28873 | Snake:1  | Noticed Kirke
 28911 | Snake:1  | Killed Kirke
 28911 | Snake:1  | Identified the cursed +0 pair of gloves "Regret of
                  | Ashenzari" {Bglg, Comp} (You found it on level 5 of the
                  | Dungeon)
 28911 | Snake:1  | Identified the cursed +0 pair of boots of Ashenzari's Moon
                  | {Self, Bglg} (You found it on level 4 of the Dungeon)
 29007 | Snake:1  | Found Effenut's Book Shoppe.
 29037 | Snake:1  | Found Iqaigume's Jewellery Shop.
 29038 | Snake:1  | Found Savefit's Book Shoppe.
 29159 | Snake:1  | Noticed Azrael
 29167 | Snake:1  | Killed Azrael
 30956 | Snake:3  | Found a transporter.
 30980 | Snake:3  | Reached skill level 10 in Conjurations
 30980 | Snake:3  | Reached skill level 10 in Hexes
 30980 | Snake:3  | Reached skill level 10 in Summonings
 30980 | Snake:3  | Reached skill level 10 in Necromancy
 30980 | Snake:3  | Reached skill level 10 in Translocations
 30980 | Snake:3  | Reached skill level 10 in Transmutations
 30980 | Snake:3  | Reached skill level 10 in Fire Magic
 30980 | Snake:3  | Reached skill level 10 in Ice Magic
 30980 | Snake:3  | Reached skill level 10 in Air Magic
 30980 | Snake:3  | Reached skill level 10 in Earth Magic
 30980 | Snake:3  | Reached skill level 10 in Poison Magic
 30982 | Snake:3  | Found a transporter.
 31317 | Snake:3  | Identified the +8 short sword of Mastery {flame, Int+2}
 31344 | Snake:3  | Found Apyjef's Magic Scroll Shop.
 31344 | Snake:3  | Found Xouxkoev's Weapon Boutique.
 31345 | Snake:3  | Identified the +0 chain mail of the Realm of Zot {Will+
                  | Int+2}
 31429 | Snake:3  | Reached skill level 15 in Fighting
 31759 | Snake:4  | Entered Level 4 of the Snake Pit
 32141 | Snake:4  | Found a sparkling altar of Nemelex Xobeh.
 32164 | Snake:4  | Reached XP level 18. HP: 47/160 MP: 3/39
 32918 | Snake:4  | Reached skill level 16 in Fighting
 33039 | Snake:4  | Reached skill level 15 in Unarmed Combat
 33153 | Snake:4  | Got a serpentine rune of Zot
 33306 | Snake:4  | Upgraded the game from 0.30-a0-339-g89bb51ec76 to
                  | 0.30-a0-341-g682706514a
 33637 | Elf:1    | Entered Level 1 of the Elven Halls
 33637 | Elf:1    | Found a runed translucent gate.
 33637 | Elf:1    | Found a runed translucent gate.
 33637 | Elf:1    | Found a runed translucent gate.
 33637 | Elf:1    | Found a runed translucent gate.
 33637 | Elf:1    | Found a runed translucent gate.
 33637 | Elf:1    | Found a runed translucent gate.
 33638 | Elf:1    | Found a runed translucent door.
 33701 | Elf:1    | Found a flickering gateway to a bazaar.
 33711 | Bazaar   | Entered a bazaar
 33711 | Bazaar   | Found Zesyzxoy's General Store.
 33711 | Bazaar   | Found Rieroj Fidaz's Antique Weapon Shop.
 33711 | Bazaar   | Found Vufeamn's General Store.
 33711 | Bazaar   | Found Pitesk Mepeff's Antique Weapon Shop.
 33711 | Bazaar   | Found Ihefoku's Assorted Antiques.
 33725 | Bazaar   | Bought a potion of mutation for 80 gold pieces
 33725 | Bazaar   | Bought a potion of heal wounds for 50 gold pieces
 33757 | Bazaar   | Bought a potion of mutation for 152 gold pieces
 33757 | Bazaar   | Bought a scroll of summoning for 180 gold pieces
 33757 | Bazaar   | Bought a scroll of teleportation for 57 gold pieces
 34180 | Elf:1    | Found a runed translucent door.
 35203 | Elf:2    | Reached XP level 19. HP: 165/170 MP: 26/41
 35207 | Elf:2    | Found a crumbling gateway.
 35215 | Desolati | Entered the Desolation of Salt
 35355 | Desolati | Identified the Dissertation on Left-Handed Deeds
 35385 | Desolati | Learned a level 7 spell: Malign Gateway
 35611 | Desolati | Reached skill level 17 in Fighting
 35843 | Desolati | Reached skill level 15 in Spellcasting
 36011 | Desolati | Identified the Quarto of the Thoughtful Heavens
 36012 | Desolati | Identified the Octavo of Forking Paths
 36031 | Desolati | Identified the +4 arbalest of Dullness {vorpal, Drain rElec
                  | Int+8}
 36078 | Desolati | Identified the ring "Ovyefem" {Drain rCorr MP+9 Str+2}
 36089 | Desolati | Identified the +2 cloak "Asohah" {Dex+2}
 37249 | Elf:2    | Found a runed translucent gate.
 37249 | Elf:2    | Identified the +5 long sword of Magnificence {flame, Str+2}
 37250 | Elf:2    | Found a runed translucent gate.
 37251 | Elf:2    | Found a runed translucent gate.
 37685 | Elf:2    | Reached XP level 20. HP: 84/172 MP: 25/43
 37766 | Elf:2    | Learned a level 7 spell: Haunt
 37774 | Elf:2    | Learned a level 7 spell: Monstrous Menagerie
 38036 | Elf:3    | Entered Level 3 of the Elven Halls
 38040 | Elf:3    | Gained mutation: You are dopey. (Int -2) [a shining eye]
 38304 | Elf:3    | Reached skill level 15 in Invocations
 38440 | Elf:3    | Reached skill level 18 in Fighting
 38763 | Abyss:3  | Cast into level 3 of the Abyss (a deep elf sorcerer)
 38818 | Abyss:3  | Noticed a bone dragon
 38901 | Abyss:3  | Killed a bone dragon
 39213 | Elf:3    | Escaped the Abyss
 39683 | Elf:3    | Identified the +9 halberd "Vunoeb" {vorpal, rElec rF+++
                  | Int-4 Stlth+}
 39691 | Elf:3    | Reached skill level 15 in Shields
 39783 | Elf:3    | Identified the +8 flail of Objectivity {flame, Str+4}
 39986 | Elf:3    | Identified the +1 ring mail of the Catfish {Drain rC+++
                  | Int+9}
 39986 | Elf:3    | Identified the Verses on the Snake
 40055 | Elf:3    | Identified the ring of the Tempest {*Slow Fly rElec MP+9}
 40056 | Elf:3    | Identified the +4 morningstar of the Mosquito {flame,
                  | Dex+5}
 40058 | Elf:3    | Identified the -2 helmet "Put-Me-On" {rF+ Dex+3 SInv}
 40189 | Elf:3    | Identified the +1 pair of boots of Xom {Harm Will+}
 40485 | Elf:3    | Noticed Zenata
 40497 | Elf:3    | Killed Zenata
 41034 | Shoals:1 | Entered Level 1 of the Shoals
 41043 | Shoals:1 | Learned a level 7 spell: Storm Form
 41065 | Shoals:1 | Noticed Josephine
 41072 | Shoals:1 | Reached XP level 21. HP: 190/190 MP: 44/44
 41137 | Shoals:1 | Killed Josephine
 41226 | Shoals:1 | Lost mutation: Your body sometimes deteriorates upon taking
                  | damage. [potion of mutation]
 41226 | Shoals:1 | Lost mutation: You are resistant to electric shocks.
                  | (rElec) [potion of mutation]
 41226 | Shoals:1 | Lost mutation: You are dopey. (Int -2) [potion of mutation]
 41226 | Shoals:1 | Gained mutation: You have hidden genetic potential. [potion
                  | of mutation]
 41226 | Shoals:1 | Gained mutation: Your flesh is cold resistant. (rC+)
                  | [potion of mutation]
 41776 | Shoals:1 | Found Tairi's CLEARANCE SALE!.
 42048 | Shoals:2 | Reached skill level 19 in Fighting
 42154 | Shoals:2 | Found Ehafoqint's Antique Weapon Emporium.
 43727 | Shoals:4 | Entered Level 4 of the Shoals
 43974 | Shoals:4 | Found a runed translucent door.
 43983 | Shoals:4 | Found a corrupted altar of Lugonu.
 43983 | Shoals:4 | Found a one-way gate to the infinite horrors of the Abyss.
 43989 | Shoals:4 | Noticed Nikola
 44003 | Shoals:4 | Killed Nikola
 44032 | Shoals:4 | Noticed Bai Suzhen
 44161 | Shoals:3 | Killed Bai Suzhen
 44199 | Shoals:3 | Identified the cursed +9 demon trident "Shattered With Me"
                  | {drain, Melee, Bglg} (You found it on level 11 of the
                  | Dungeon)
 44303 | Shoals:4 | Noticed Polyphemus
 44337 | Shoals:4 | Killed Polyphemus
 44386 | Shoals:4 | Found the +9 heavy crossbow "Sniper" {vorpal, Acc+∞ SInv}
 44399 | Shoals:4 | Reached skill level 15 in Short Blades
 44399 | Shoals:4 | Reached skill level 15 in Long Blades
 44399 | Shoals:4 | Reached skill level 15 in Axes
 44399 | Shoals:4 | Reached skill level 15 in Maces & Flails
 44399 | Shoals:4 | Reached skill level 15 in Polearms
 44399 | Shoals:4 | Reached skill level 15 in Staves
 44399 | Shoals:4 | Reached skill level 15 in Ranged Weapons
 44399 | Shoals:4 | Reached skill level 15 in Throwing
 44399 | Shoals:4 | Reached skill level 15 in Armour
 44399 | Shoals:4 | Reached skill level 15 in Dodging
 44399 | Shoals:4 | Reached skill level 15 in Stealth
 44399 | Shoals:4 | Reached skill level 15 in Evocations
 44717 | Shoals:4 | Got a barnacled rune of Zot
 45599 | Vaults:1 | Entered Level 1 of the Vaults
 45639 | Vaults:1 | Reached XP level 22. HP: 180/200 MP: 44/46
 45694 | Vaults:1 | Gained mutation: Your flesh is very cold resistant. (rC++)
                  | [hidden potential]
 45850 | Vaults:1 | Found Ohoylulown's Antique Weapon Emporium.
 45885 | Vaults:1 | Bought a brightly glowing broad axe for 288 gold pieces
 45885 | Vaults:1 | Identified the +6 broad axe of the Seven Portals {vorpal,
                  | Will+} (You bought it in a shop on level 1 of the Vaults)
 46137 | Vaults:1 | Reached skill level 20 in Fighting
 47822 | Vaults:2 | Found a staircase to the Crypt.
 47835 | Vaults:2 | Acquired 852 gold pieces
 48287 | Vaults:2 | Reached XP level 23. HP: 166/204 MP: 45/45
 48439 | Vaults:2 | Gained mutation: You are robust. (+10% HP) [hidden
                  | potential]
 48439 | Vaults:2 | Lost mutation: You have hidden genetic potential. [hidden
                  | potential expressed]
 48615 | Vaults:2 | Reached ***** piety under Ashenzari
 48925 | Vaults:3 | Identified the cursed +2 hat "Suspicion of Ashenzari"
                  | {Stlth+, Bglg, Self} (You took it off Gastronok on level 3
                  | of the Lair of Beasts)
 48998 | Vaults:3 | Identified the +9 short sword "Catuo" {vorpal, *Rage rF+
                  | rC++ Str-4}
 49008 | Vaults:3 | Identified the +7 chain mail of Naezioss {Rampage rElec
                  | rCorr Int-5}
 49984 | Vaults:3 | Acquired 983 gold pieces
 50228 | Vaults:4 | Reached skill level 21 in Fighting
 50292 | Vaults:4 | Found Sealai's Antique Armour Emporium.
 51106 | Vaults:4 | Found a runed translucent gate.
 51106 | Vaults:4 | Found a runed translucent gate.
 51106 | Vaults:4 | Found a runed translucent gate.
 51106 | Vaults:4 | Noticed HilariousDeathArtist's ghost (adept DrTm)
 51107 | Vaults:4 | Identified the +7 chain mail of Seofiem {+Inv rPois rCorr}
 51285 | Vaults:4 | Identified the +7 chain mail "Tefeecw" {Str+3}
 51342 | Vaults:4 | Killed HilariousDeathArtist's ghost
 51525 | Vaults:5 | Entered Level 5 of the Vaults
 51529 | Vaults:5 | Noticed Boris
 51546 | Vaults:5 | Mangled by an ettin

Illustrated notes

Levels and vault maps discovered:
D:1:      lemuel_arrival_lava_pool, layout_loops_ring, serial_forest,
          infiniplex_forest_corner_2, infiniplex_forest_clump_tiny,
          infiniplex_forest_end_1, infiniplex_forest_clump_curved,
          infiniplex_forest_lined_3
D:2:      layout_rooms
D:3:      layout_basic, hellmonk_ecumenical_altar_pennies_from_heaven
D:4:      layout_basic, cheibriados_altar_2, mainiacjoe_overflow_alcove_2,
          minmay_temple_entry_large_hall, serial_forest,
          infiniplex_forest_3_way, infiniplex_forest_straight_3,
          infiniplex_forest_clump_small, infiniplex_forest_clump_diagonal,
          infiniplex_forest_lined_2, infiniplex_forest_clump_cross,
          infiniplex_forest_zigzag_1, infiniplex_forest_clump_curved,
          uniq_edmund, uniq_pikel
D:5:      layout_basic
D:6:      layout_loops_ring, ebering_ghost_inner_flame, serial_shops,
          shop_fountains, grunt_ministairs_15
D:7:      wad_river_or_something, layout_rooms
D:8:      layout_rooms, nemelex_spade_bored_becter, serial_shops,
          nicolae_lakefront_shop
D:9:      layout_layer_cave, minmay_lair_entry_grove, serial_shops,
          nicolae_stop_n_shop_1, enter_bailey_3, kennysheep_generic_room_13
D:10:     layout_basic, led_sif_book, nicolae_trove_entry_diagonal, st_stairs_8,
          minmay_misc_feat_pillars, kennysheep_generic_room_5, uniq_erica
D:11:     layout_roguey, kennysheep_orc_monster_closet_entryway,
          gauntlet_entry_generic, uniq_urug
D:12:     layout_loops_ring, ebering_ghost_xom, uniq_lodul
D:13:     layout_roguey, dreamdust_mushroom_princess, nicolae_ru_awakened_eye,
          uniq_sonja, uniq_erolcha
D:14:     layout_basic, ximxim_vaults_locker_room, serial_curves,
          eino_curves_01, eino_curves_04, nicolae_water_bricks
D:15:     hangedman_depths_entry_civil_slaughter, layout_small_grid,
          hellmonk_ghost_happy_afterlife
Temple:   mainiacjoe_temple_bowtie_tessellation
Lair:1:   beast_lair_carwin_large_1, layout_hall_layers, enter_volcano_3,
          serial_bayou_shore_b, grunt_megastairs_2, lemuel_fruit_fields,
          serial_bayou_shore_b
Lair:2:   layout_roguey, shoals_dummy_entry, minmay_snake_entry_six_corridors
Lair:3:   layout_gridlike, serial_bayou_pond_d, uniq_gastronok
Lair:4:   layout_regular_city, serial_bayou, serial_bayou_lagoon_b,
          serial_bayou_crossing, serial_bayou_pond_c, serial_bayou_pond_d
Lair:5:   hangedman_lair_tendril_chambers, layout_regular_city, slime_entry_1,
          grunt_megastairs_3, serial_bayou_shore_b, lemuel_fruit_tree,
          serial_bayou_shore_b, infiniplex_staircase_pool
Shoals:1: cheibrodos_shoals_oceanic_diplomacy, layout_shoals,
          nicolae_shop_clearance, uniq_josephine
Shoals:2: layout_shoals, serial_shops, nicolae_shop_hallway_stairs, st_cyclops
Shoals:3: layout_shoals
Shoals:4: shoals_end_simple, layout_shoals, nicolae_shoals_abyss_on_the_beach,
          uniq_nikola, uniq_bai_suzhen, uniq_polyphemus
Snake:1:  layout_chambers, nrook_loot_triangle, minmay_shop_grove, uniq_azrael,
          uniq_rupert, uniq_jorgrun, uniq_kirke
Snake:2:  layout_onion, nicolae_snake_biting_tails
Snake:3:  gammafunk_sealed_arena, layout_rooms, minmay_shoptagon
Snake:4:  grunt_snake_rune_pools, layout_onion, basic_altar,
          nicolae_snake_squiggles
Orc:1:    layout_diamond_mine, serial_shops, shop_fountains
Orc:2:    pf_orc_diabolical, layout_diamond_mine
Elf:1:    nicolae_elf_arrival_dilemma, layout_onion_city, serial_shops,
          bzr_entry_water, hangedman_elven_crosses_minicolossus
Elf:2:    nicolae_elf_blades_splatter_lattice [mumra_blade_entry_bloodbath],
          layout_onion_city, portal_desolation_entry_nicolae_nacl,
          portal_ice_cave_entry_dragon
Elf:3:    nooodl_elf_gasket, layout_geoelf_octagon, uniq_zenata
Vaults:1: nicolae_vaults_little_squares_2, nicolae_vaults_little_squares_6,
          grunt_vaults_funnel, vaults_standard_mumra_lines,
          ontoclasm_vaults_misaligned, hangedman_vaults_maws,
          grunt_vaults_diagonal, nicolae_vaults_hallways_thing, st_check,
          hangedman_vaults_slice, vaults_mumra_hex, ontoclasm_vaults_hangar,
          layout_vaults_omnibox, serial_shops, nicolae_lakefront_shop
Vaults:2: v_misc_26, ontoclasm_vaults_chip, minmay_crypt_entry_simple_round,
          dpeg_vaults_monster_box, hangedman_vaults_slice,
          vaults_dpeg_encased_lava, vaults_dpeg_emergency_exit,
          ontoclasm_vaults_chip, v_alt_pattern_5, layout_vaults_omnigrid
Vaults:3: nicolae_vaults_little_squares_1, ontoclasm_vaults_ring_square,
          hangedman_vaults_stretched_pinwheel, ontoclasm_vaults_tryst,
          hangedman_vaults_trim, vaults_room_ringed_pool,
          layout_vaults_chaotic_city
Vaults:4: biasface_ghost_orc_armoury, nicolae_vaults_specimen_jars,
          vaults_room_pools, vaults_mumra_lcd, v_misc_28,
          nicolae_vaults_network_periphery, v_alt_pattern_1,
          nicolae_vaults_twisting_passages, grunt_vaults_hallway_short,
          layout_vaults_big_cross, serial_shops, nicolae_shop_overgrown_old_shop
Vaults:5: uniq_boris, uniq_margery

Skill      XL: |  1  2  3  4  5  6  7  8  9 10 11 12 13 14 15 16 17 18 19 20 21 22 23 |
---------------+----------------------------------------------------------------------+-----
Invocations    | 1 2 3 4 5 7 9 10 11 12 13 14 15 16 17 | 17.6
Short Blades   | 1 2 3 5 6 7 8 9 10 11 12 13 14 15 16 | 16.2
Long Blades    | 1 2 3 5 6 7 8 9 10 11 12 13 14 15 16 | 16.2
Axes           | 1 2 3 5 6 7 8 9 10 11 12 13 14 15 16 | 16.2
Maces & Flails | 1 2 3 5 6 7 8 9 10 11 12 13 14 15 16 | 16.2
Polearms       | 1 2 3 5 6 7 8 9 10 11 12 13 14 15 16 | 16.2
Staves         | 1 2 3 5 6 7 8 9 10 11 12 13 14 15 16 | 16.2
Ranged Weapons | 1 2 3 5 6 7 8 9 10 11 12 13 14 15 16 | 16.2
Throwing       | 1 2 3 5 6 7 8 9 10 11 12 13 14 15 16 | 16.2
Armour         | 1 2 3 5 6 7 8 9 10 11 12 13 14 15 16 | 16.2
Dodging        | 1 2 3 5 6 7 8 9 10 11 12 13 14 15 16 | 16.2
Stealth        | 1 2 3 5 6 7 8 9 10 11 12 13 14 15 16 | 16.2
Evocations     | 1 2 3 5 6 7 8 9 10 11 12 13 14 15 16 | 16.2
Conjurations   | 1 2 3 4 5 6 7 8 9 10 11 12 13 | 13.8
Hexes          | 1 2 3 4 5 6 7 8 9 10 11 12 13 | 13.8
Summonings     | 1 2 3 4 5 6 7 8 9 10 11 12 13 | 13.8
Necromancy     | 1 2 3 4 5 6 7 8 9 10 11 12 13 | 13.8
Translocations | 1 2 3 4 5 6 7 8 9 10 11 12 13 | 13.8
Transmutations | 1 2 3 4 5 6 7 8 9 10 11 12 13 | 13.8
Fire Magic     | 1 2 3 4 5 6 7 8 9 10 11 12 13 | 13.8
Ice Magic      | 1 2 3 4 5 6 7 8 9 10 11 12 13 | 13.8
Air Magic      | 1 2 3 4 5 6 7 8 9 10 11 12 13 | 13.8
Earth Magic    | 1 2 3 4 5 6 7 8 9 10 11 12 13 | 13.8
Poison Magic   | 1 2 3 4 5 6 7 8 9 10 11 12 13 | 13.8
Fighting       | 3 4 5 7 9 10 11 12 14 15 16 17 18 19 20 21 | 21.3
Shields        | 5 6 8 9 10 11 12 13 14 15 16 17 18 | 18.4
Unarmed Combat | 9 10 11 12 13 14 15 16 17 18 | 18.1
Spellcasting   | 8 9 10 11 12 13 14 15 16 17 | 17.6

Action                   |  1- 3 |  4- 6 |  7- 9 | 10-12 | 13-15 | 16-18 | 19-21 | 22-24 || total
-------------------------+-------+-------+-------+-------+-------+-------+-------+-------++-------
Melee: Dagger            |   184 |       |       |       |       |       |       |       ||   184
       Bite              |    18 |    14 |    49 |    26 |   103 |   128 |   182 |   102 ||   622
       Unarmed           |    69 |   135 |   354 |       |       |       |     6 |   130 ||   694
       Trident           |       |       |    61 |   375 |   299 |       |       |       ||   735
       Demon trident     |       |       |       |       |   514 |  1173 |  1497 |   614 ||  3798
       Punch             |       |       |       |       |       |       |     1 |    20 ||    21
Throw: Boomerang         |       |       |     6 |     2 |       |       |       |       ||     8
       Dart              |       |       |     4 |     8 |     8 |    17 |    16 |       ||    53
       Throwing net      |       |       |       |       |       |       |       |     1 ||     1
 Cast: Slow              |     1 |       |     3 |     1 |       |       |       |       ||     5
       Call Canine Famil |       |       |    11 |    40 |    19 |    32 |    10 |       ||   112
       Teleport Other    |       |       |       |     1 |       |       |       |       ||     1
       Gell's Gravitas   |       |       |       |    17 |       |       |     1 |       ||    18
       Summon Guardian G |       |       |       |    23 |    19 |    23 |    20 |     1 ||    86
       Summon Lightning  |       |       |       |     6 |    13 |    22 |     9 |     2 ||    52
       Freezing Cloud    |       |       |       |       |    15 |    40 |    34 |    29 ||   118
       Iron Shot         |       |       |       |       |     1 |    14 |    32 |     6 ||    53
       Blink             |       |       |       |       |       |     3 |    12 |     4 ||    19
       Malign Gateway    |       |       |       |       |       |       |     9 |     6 ||    15
       Haunt             |       |       |       |       |       |       |    10 |     8 ||    18
       Monstrous Menager |       |       |       |       |       |       |    11 |     6 ||    17
       Storm Form        |       |       |       |       |       |       |     1 |     8 ||     9
Invok: Curse Item        |       |       |     2 |     3 |     3 |     1 |     1 |     1 ||    11
       Shatter the Chain |       |       |       |     1 |     1 |     1 |       |       ||     3
 Abil: Evoke Invisibilit |       |       |       |       |     1 |     1 |     1 |       ||     3
Evoke: Wand              |       |       |       |       |       |     2 |     9 |       ||    11
       Phial of floods   |       |       |       |       |       |     1 |     1 |       ||     2
       Phantom mirror    |       |       |       |       |       |     1 |     3 |       ||     4
       Condenser vane    |       |       |       |       |       |       |     1 |       ||     1
       Box of beasts     |       |       |       |       |       |       |       |     2 ||     2
  Use: Potion            |     1 |     5 |     3 |     5 |     5 |     1 |    10 |     2 ||    32
       Scroll            |       |       |     3 |     6 |     5 |     5 |    11 |     7 ||    37
 Stab: Sleeping          |     1 |     1 |     3 |    13 |    23 |    37 |    33 |    22 ||   133
       Distracted        |       |       |     1 |     4 |    11 |    16 |    23 |     3 ||    58
       Invisible         |       |       |       |     4 |     1 |       |     2 |       ||     7
       Petrified         |       |       |       |       |       |       |     1 |       ||     1
       Confused          |       |       |       |       |       |       |       |     1 ||     1
Armor: Robe              |     6 |       |    85 |   122 |       |       |       |       ||   213
       Leather armour    |    65 |    54 |    46 |       |       |       |       |       ||   165
       Steam dragon scal |       |       |       |    16 |   222 |   173 |   157 |    72 ||   640
       Skin              |       |       |       |       |       |       |     2 |    33 ||    35
Dodge: Dodged            |   120 |    55 |   176 |   179 |   439 |   376 |   681 |   436 ||  2462
Block: Buckler           |    57 |    28 |    83 |    80 |       |       |       |       ||   248
       Kite shield       |       |       |       |    49 |   616 |   687 |  1217 |   409 ||  2978

Table legend: (Time is in decaauts)
 A = Elapsed time spent in this place.
 B = Non-inter-level travel time spent in this place.
 C = Inter-level travel time spent in this place.
 D = Time resting spent in this place.
 E = Time spent auto-exploring this place.
 F = Levels seen in this place.
 G = Mean time per level.
                   A        B        C        D        E       F      G
               +--------+--------+--------+--------+--------+-----+--------+
         Total |  50388 |  46484 |   3904 |   9277 |  24185 |  45 | 1119.7 |
       Dungeon |  17827 |  16021 |   1806 |   3802 |   8359 |  15 | 1188.5 |
        Temple |     60 |     43 |     17 |      0 |     29 |   1 |   60.0 |
          Lair |   6778 |   6036 |    742 |   1328 |   3447 |   5 | 1355.6 |
        Shoals |   4173 |   3982 |    191 |    284 |   2529 |   4 | 1043.2 |
     Snake Pit |   4722 |   4588 |    134 |    639 |   2644 |   4 | 1180.5 |
  Orcish Mines |   2443 |   1785 |    658 |    257 |   1077 |   2 | 1221.5 |
   Elven Halls |   5116 |   4875 |    241 |   1140 |   2029 |   3 | 1705.3 |
        Vaults |   5699 |   5585 |    114 |    820 |   3315 |   5 | 1139.8 |
         Abyss |    429 |    429 |      0 |    148 |    101 |   1 |  429.0 |
        Bazaar |     52 |     52 |      0 |      0 |      0 |   1 |   52.0 |
        Bailey |    591 |    591 |      0 |    183 |    168 |   1 |  591.0 |
       Volcano |    347 |    347 |      0 |    153 |     59 |   1 |  347.0 |
    Desolation |   1246 |   1246 |      0 |     76 |    427 |   1 | 1246.0 |
      Gauntlet |    901 |    901 |      0 |    445 |      0 |   1 |  901.0 |
               +--------+--------+--------+--------+--------+-----+--------+

Top non-repeatable levels by time:
   Elf:3: 2137 daAuts
     D:7: 2047 daAuts
  Lair:5: 2001 daAuts
     D:4: 1580 daAuts
Vaults:1: 1559 daAuts
  Lair:4: 1557 daAuts
   Orc:2: 1536 daAuts
Vaults:2: 1525 daAuts
   Elf:2: 1497 daAuts
   Elf:1: 1481 daAuts
     D:6: 1394 daAuts
Vaults:4: 1386 daAuts
Shoals:4: 1355 daAuts
    D:11: 1345 daAuts
     D:5: 1339 daAuts
